PA
MYRTLE BEACH SEAHAWKS @ ALAMEDA AIRMEN
05/31/2038
 
TOP OF THE 1ST
Myrtle Beach Seahawks batting - Pitching for Alameda Airmen : RHP Hendrikjan Zweers
Pitching: RHP Hendrikjan Zweers
Batting: RHB António Macías 0-0: Ball
1-0: Foul Ball, location: 2F
1-1: Called Strike
1-2: Hit by Pitch
Batting: RHB António Etxebarria 0-0: Ball
1-0: Called Strike
1-1: Ball
2-1: DOUBLE (Line Drive, 78D, EV 108.8 MPH)
António Macías to third
Batting: RHB Christiaan Bunschoten 0-0: Hit by Pitch
Pinch Runner at 1st Teng Xuefeng:
Batting: LHB Lung Chaim 0-0: Foul Ball, location: 2F
0-1: Foul Ball, location: 2F
0-2: Foul Ball, location: 2F
0-2: DOUBLE (Groundball, 3L, EV 98.1 MPH)
António Macías scores
António Etxebarria scores
Teng Xuefeng to third
Batting: RHB Dermott Mann 0-0: Ball
1-0: Ball
2-0: Foul Ball, location: 2F
2-1: Fly out, F8 (Line Drive, 8RD, EV 84.4 MPH)
Runner from 3rd tags up, SCORES, throw by CF
Batting: RHB Raúl Colomo 0-0: Ground out 5-3 (Groundball, 5S, EV 86.9 MPH)
Batting: RHB Marcos Luna 0-0: Ball
1-0: Swinging Strike
1-1: Ground out 4-3 (Groundball, 4, EV 82.5 MPH)
Top of the 1st over - 3 runs, 2 hits, 0 errors, 1 left on base; Myrtle Beach 3 - Alameda 0
BOTTOM OF THE 1ST
Alameda Airmen batting - Pitching for Myrtle Beach Seahawks : LHP Modeste Azagba
Pitching: LHP Modeste Azagba
Now at 1B: Madhavacharta Bhavalakar
Batting: RHB Ed Whiteside 0-0: DOUBLE (Line Drive, 5D, EV 103.1 MPH)
Batting: LHB Jesús Leoz 0-0: Called Strike
0-1: Foul Ball, location: 2F
0-2: Fly out, F9 (Line Drive, 9, EV 98.1 MPH)
Batting: RHB José Hernández 0-0: Ball
1-0: Swinging Strike
1-1: 2-RUN HOME RUN (Flyball, 7D, EV 103.1 MPH), Distance : 377 ft
Batting: LHB Flint Myers 0-0: Ball
1-0: Fly out, F7 (Flyball, 7, EV 83.1 MPH)
Batting: RHB Nicodemo Nardone 0-0: Ball
1-0: Foul Ball, location: 2F
1-1: Foul Ball, location: 2F
1-2: Ball
2-2: Ground out 6-3 (Groundball, 6, EV 82.5 MPH)
Bottom of the 1st over - 2 runs, 2 hits, 0 errors, 0 left on base; Myrtle Beach 3 - Alameda 2
TOP OF THE 2ND
Myrtle Beach Seahawks batting - Pitching for Alameda Airmen : RHP Hendrikjan Zweers
Batting: LHB Jorge Agramunt 0-0: Called Strike
0-1: Ball
1-1: Fly out, F9 (Flyball, 9D, EV 78.1 MPH)
Batting: RHB Abel Risinger 0-0: Called Strike
0-1: Ball
1-1: Hit by Pitch
Batting: RHB António Macías 0-0: Fly out, F9 (Flyball, 89D, EV 93.8 MPH)
Batting: RHB António Etxebarria 0-0: Ball
1-0: Called Strike
1-1: Ball
2-1: Foul Ball, location: 2F
2-2: Strikes out looking
Top of the 2nd over - 0 runs, 0 hits, 0 errors, 1 left on base; Myrtle Beach 3 - Alameda 2
BOTTOM OF THE 2ND
Alameda Airmen batting - Pitching for Myrtle Beach Seahawks : LHP Modeste Azagba
Batting: RHB Brandon Wilson 0-0: Foul Ball, location: 2F
0-1: Foul Ball, location: 2F
0-2: SINGLE (Line Drive, 9S, EV 98.8 MPH)
Batting: SHB Doug Watson 0-0: Swinging Strike
0-1: Called Strike
0-2: Strikes out swinging
Batting: RHB Cody Scott 0-0: Foul Ball, location: 2F
0-1: Foul Ball, location: 2F
0-2: Strikes out swinging
Batting: SHB Pedro Montoya 0-0: Ball
1-0: Fly out, F6 (Popup, 56D, EV 40.6 MPH)
Bottom of the 2nd over - 0 runs, 1 hit, 0 errors, 1 left on base; Myrtle Beach 3 - Alameda 2
TOP OF THE 3RD
Myrtle Beach Seahawks batting - Pitching for Alameda Airmen : RHP Hendrikjan Zweers
Batting: RHB Madhavacharta Bhavalakar 0-0: Ball
1-0: Ball
2-0: Called Strike
2-1: SINGLE (Groundball, 56D, EV 102.5 MPH)
Batting: LHB Lung Chaim 0-0: Ball
1-0: Swinging Strike
1-1: SINGLE (Groundball, 4MD, EV 99.4 MPH)
Madhavacharta Bhavalakar to second
Runner from 2nd tries for 3rd, OUT! 8-5
Batting: RHB Dermott Mann 0-0: Ball
1-0: Called Strike
1-1: Ball
2-1: SINGLE (Line Drive, 8LS, EV 108.1 MPH)
Lung Chaim to second
Batting: RHB Raúl Colomo 0-0: Ball
1-0: Ball
2-0: Ball
3-0: Called Strike
3-1: Grounds into double play, 6-4-3 (Groundball, 6, EV 101.2 MPH)
Top of the 3rd over - 0 runs, 3 hits, 0 errors, 1 left on base; Myrtle Beach 3 - Alameda 2
BOTTOM OF THE 3RD
Alameda Airmen batting - Pitching for Myrtle Beach Seahawks : LHP Modeste Azagba
Batting: RHB Ed Whiteside 0-0: Ball
1-0: Ball
2-0: Fly out, F9 (Flyball, 9, EV 95.0 MPH)
Batting: LHB Jesús Leoz 0-0: Called Strike
0-1: Ball
1-1: Ball
2-1: Called Strike
2-2: Ball
3-2: Strikes out swinging, 2-3 out at first.
Batting: RHB José Hernández 0-0: Ball
1-0: Ball
2-0: Called Strike
2-1: Ball
3-1: SOLO HOME RUN (Flyball, 78XD, EV 94.4 MPH), Distance : 419 ft
Batting: LHB Flint Myers 0-0: Ball
1-0: Ball
2-0: Called Strike
2-1: Foul Ball, location: 2F
2-2: Strikes out swinging
Bottom of the 3rd over - 1 run, 1 hit, 0 errors, 0 left on base; Myrtle Beach 3 - Alameda 3
TOP OF THE 4TH
Myrtle Beach Seahawks batting - Pitching for Alameda Airmen : RHP Hendrikjan Zweers
Batting: RHB Marcos Luna 0-0: TRIPLE (Line Drive, 78XD, EV 112.5 MPH)
Batting: LHB Jorge Agramunt 0-0: Ball
1-0: Called Strike
1-1: Foul Ball, location: 2F
1-2: Ball
2-2: SINGLE (Line Drive, 89S, EV 106.9 MPH)
Marcos Luna scores
Batting: RHB Abel Risinger 0-0: Ground out 6-3 (Groundball, 6, EV 85.6 MPH)
Jorge Agramunt to second
Batting: RHB António Macías 0-0: Foul Ball, location: 2F
0-1: Called Strike
0-2: 2-RUN HOME RUN (Flyball, 7LD, EV 90.6 MPH), Distance : 340 ft
Pitching: LHP Jorge Moreno
Batting: RHB António Etxebarria 0-0: Called Strike
0-1: Foul Ball, location: 2F
0-2: Strikes out swinging
Batting: RHB Madhavacharta Bhavalakar 0-0: Foul Ball, location: 2F
0-1: Fly out, F8 (Flyball, 8RD, EV 98.1 MPH)
Top of the 4th over - 3 runs, 3 hits, 0 errors, 0 left on base; Myrtle Beach 6 - Alameda 3
BOTTOM OF THE 4TH
Alameda Airmen batting - Pitching for Myrtle Beach Seahawks : LHP Modeste Azagba
Batting: RHB Nicodemo Nardone 0-0: Called Strike
0-1: Ball
1-1: Called Strike
1-2: Foul Ball, location: 2F
1-2: Foul Ball, location: 2F
1-2: Fly out, F9 (Flyball, 9S, EV 73.1 MPH)
Batting: RHB Brandon Wilson 0-0: Swinging Strike
0-1: Ball
1-1: Foul Ball, location: 2F
1-2: Foul Ball, location: 2F
1-2: Strikes out swinging
Batting: SHB Doug Watson 0-0: Called Strike
0-1: Ball
1-1: Fly out, F8 (Flyball, 8RD, EV 100.0 MPH)
Bottom of the 4th over - 0 runs, 0 hits, 0 errors, 0 left on base; Myrtle Beach 6 - Alameda 3
TOP OF THE 5TH
Myrtle Beach Seahawks batting - Pitching for Alameda Airmen : LHP Jorge Moreno
Batting: LHB Lung Chaim 0-0: Ball
1-0: Swinging Strike
1-1: Swinging Strike
1-2: Strikes out swinging
Batting: RHB Dermott Mann 0-0: Ball
1-0: Called Strike
1-1: Fly out, F8 (Flyball, 8RM, EV 88.8 MPH)
Batting: RHB Raúl Colomo 0-0: Ground out 5-3 (Groundball, 56S, EV 88.8 MPH)
Top of the 5th over - 0 runs, 0 hits, 0 errors, 0 left on base; Myrtle Beach 6 - Alameda 3
BOTTOM OF THE 5TH
Alameda Airmen batting - Pitching for Myrtle Beach Seahawks : LHP Modeste Azagba
Batting: RHB Cody Scott 0-0: Foul Ball, location: 2F
0-1: Ball
1-1: Swinging Strike
1-2: Ball
2-2: Strikes out looking
Batting: SHB Pedro Montoya 0-0: Ground out 3-1 (Groundball, 34, EV 88.1 MPH)
Batting: RHB Ed Whiteside 0-0: Ball
1-0: Called Strike
1-1: Ball
2-1: Ground out 6-3 (Groundball, 6M, EV 100.0 MPH)
Bottom of the 5th over - 0 runs, 0 hits, 0 errors, 0 left on base; Myrtle Beach 6 - Alameda 3
TOP OF THE 6TH
Myrtle Beach Seahawks batting - Pitching for Alameda Airmen : LHP Jorge Moreno
Batting: RHB Marcos Luna 0-0: Swinging Strike
0-1: Ball
1-1: Ball
2-1: Foul Ball, location: 2F
2-2: SINGLE (Groundball, 34D, EV 102.5 MPH)
Batting: LHB Jorge Agramunt 0-0: Called Strike
0-1: Ball
1-1: Foul Ball, location: 2F
1-2: Ball
2-2: Strikes out swinging
Batting: RHB Abel Risinger 0-0: Called Strike
0-1: Foul Ball, location: 2F
0-2: Ball
Wild Pitch!
Marcos Luna to second
1-2: Strikes out looking
Batting: RHB António Macías 0-0: Called Strike
0-1: Ball
1-1: Fly out, F2 (Popup, 23F, EV 86.2 MPH)
Top of the 6th over - 0 runs, 1 hit, 0 errors, 1 left on base; Myrtle Beach 6 - Alameda 3
BOTTOM OF THE 6TH
Alameda Airmen batting - Pitching for Myrtle Beach Seahawks : LHP Modeste Azagba
Batting: LHB Jesús Leoz 0-0: Ball
1-0: Ball
2-0: Foul Ball, location: 2F
2-1: Ball
3-1: Foul Ball, location: 2F
3-2: Ground out U3 (Groundball, 3, EV 85.0 MPH)
Batting: RHB José Hernández 0-0: Swinging Strike
0-1: Ball
1-1: Ball
2-1: Ball
3-1: Base on Balls
Batting: LHB Flint Myers 0-0: Ball
1-0: Ball
2-0: Ball
3-0: Called Strike
3-1: Called Strike
3-2: Foul Ball, location: 2F
3-2: Strikes out swinging
Batting: RHB Nicodemo Nardone 0-0: Fly out, F8 (Flyball, 78D, EV 82.5 MPH)
Bottom of the 6th over - 0 runs, 0 hits, 0 errors, 1 left on base; Myrtle Beach 6 - Alameda 3
TOP OF THE 7TH
Myrtle Beach Seahawks batting - Pitching for Alameda Airmen : LHP Jorge Moreno
Batting: RHB António Etxebarria 0-0: Called Strike
0-1: Ground out 5-3 (Groundball, 56, EV 86.9 MPH)
Batting: RHB Madhavacharta Bhavalakar 0-0: Ball
1-0: Swinging Strike
1-1: Ball
2-1: Fly out, F7 (Flyball, 78M, EV 77.5 MPH)
Batting: LHB Lung Chaim 0-0: Swinging Strike
0-1: Ball
1-1: Foul Ball, location: 2F
1-2: Strikes out swinging
Top of the 7th over - 0 runs, 0 hits, 0 errors, 0 left on base; Myrtle Beach 6 - Alameda 3
BOTTOM OF THE 7TH
Alameda Airmen batting - Pitching for Myrtle Beach Seahawks : LHP Modeste Azagba
Batting: RHB Brandon Wilson 0-0: Called Strike
0-1: Ball
1-1: Swinging Strike
1-2: Ball
2-2: Foul Ball, location: 2F
2-2: Foul Ball, location: 2F
2-2: SINGLE (Line Drive, 78S, EV 110.6 MPH)
Batting: SHB Doug Watson 0-0: Sac Bunt to 15S - play at first, batter OUT! 1-3
Brandon Wilson to second
Batting: RHB Cody Scott 0-0: Ball
1-0: Foul Ball, location: 2F
1-1: Called Strike
1-2: Foul Ball, location: 2F
1-2: Foul Ball, location: 2F
1-2: Ball
2-2: Foul Ball, location: 2F
2-2: Strikes out looking
Batting: SHB Pedro Montoya 0-0: Called Strike
0-1: Ball
1-1: Foul Ball, location: 2F
1-2: Strikes out swinging
Bottom of the 7th over - 0 runs, 1 hit, 0 errors, 1 left on base; Myrtle Beach 6 - Alameda 3
TOP OF THE 8TH
Myrtle Beach Seahawks batting - Pitching for Alameda Airmen : LHP Jorge Moreno
Pitching: RHP Wilbur Carson
Batting: RHB Dermott Mann 0-0: Ball
1-0: Ball
2-0: Called Strike
2-1: Swinging Strike
2-2: Strikes out looking
Batting: RHB Raúl Colomo 0-0: Foul Ball, location: 2F
0-1: Ball
1-1: Ground out 6-3 (Groundball, 6S, EV 68.1 MPH)
Batting: RHB Marcos Luna 0-0: Ball
1-0: Ball
2-0: Foul Ball, location: 2F
2-1: Called Strike
2-2: Ball
3-2: Foul Ball, location: 2F
3-2: Strikes out swinging
Top of the 8th over - 0 runs, 0 hits, 0 errors, 0 left on base; Myrtle Beach 6 - Alameda 3
BOTTOM OF THE 8TH
Alameda Airmen batting - Pitching for Myrtle Beach Seahawks : LHP Modeste Azagba
Batting: RHB Ed Whiteside 0-0: Ball
1-0: Foul Ball, location: 2F
1-1: Ground out 6-3 (Groundball, 6M, EV 86.9 MPH)
Batting: LHB Jesús Leoz 0-0: Foul Ball, location: 2F
0-1: Foul Ball, location: 2F
0-2: Foul Ball, location: 2F
0-2: Ball
1-2: Foul Ball, location: 2F
1-2: Ball
2-2: Foul Ball, location: 2F
2-2: Ground out 5-3 (Groundball, 56, EV 81.2 MPH)
Batting: RHB José Hernández 0-0: Ball
1-0: Ball
2-0: Ball
3-0: Called Strike
3-1: Called Strike
3-2: Foul Ball, location: 2F
3-2: DOUBLE (Line Drive, 7LS, EV 94.4 MPH)
Pitching: RHP Prosper Azagba
Batting: LHB Flint Myers 0-0: Foul Ball, location: 2F
0-1: Ball
1-1: Called Strike
1-2: Foul Ball, location: 2F
1-2: Ball
2-2: Fly out, F8 (Flyball, 8LD, EV 87.5 MPH)
Bottom of the 8th over - 0 runs, 1 hit, 0 errors, 1 left on base; Myrtle Beach 6 - Alameda 3
TOP OF THE 9TH
Myrtle Beach Seahawks batting - Pitching for Alameda Airmen : RHP Wilbur Carson
Batting: LHB Jorge Agramunt 0-0: Foul Ball, location: 2F
0-1: SINGLE (Line Drive, 8LS, EV 94.4 MPH)
Batting: RHB Abel Risinger 0-0: Sac Bunt to 13 - play at first, batter OUT! 1-3
Jorge Agramunt to second
Batting: RHB António Macías 0-0: Intentional Walk
Batting: RHB António Etxebarria 0-0: DOUBLE (Line Drive, 9LM, EV 110.6 MPH)
Jorge Agramunt scores
António Macías to third
Runner from 3rd tries for Home, SAFE, no throw by RF
Batting: RHB Madhavacharta Bhavalakar 0-0: Called Strike
0-1: Ball
1-1: Foul Ball, location: 2F
1-2: Strikes out swinging
Batting: LHB Lung Chaim 0-0: Ball
1-0: Swinging Strike
1-1: Swinging Strike
1-2: Ball
2-2: Strikes out swinging
Top of the 9th over - 2 runs, 2 hits, 0 errors, 1 left on base; Myrtle Beach 8 - Alameda 3
BOTTOM OF THE 9TH
Alameda Airmen batting - Pitching for Myrtle Beach Seahawks : RHP Prosper Azagba
Batting: RHB Nicodemo Nardone 0-0: Ball
1-0: Called Strike
1-1: Swinging Strike
1-2: Strikes out swinging
Batting: RHB Brandon Wilson 0-0: Called Strike
0-1: Ball
1-1: Foul Ball, location: 2F
1-2: Strikes out looking
Batting: SHB Doug Watson 0-0: Fly out, F9 (Line Drive, 9D, EV 85.0 MPH)
Bottom of the 9th over - 0 runs, 0 hits, 0 errors, 0 left on base; Myrtle Beach 8 - Alameda 3
Friday, April 17th, 2020 - OOTP Baseball 20.8 Build 74